MWL (24 & UNDER)
BARRY'S BAY ORIOLES @ MANHATTEN MEATHEADS
09/05/2023
 
TOP OF THE 1ST
Barry's Bay Orioles batting - Pitching for Manhatten Meatheads : RHP Rafael Ramírez
Pitching: RHP Rafael Ramírez
Batting: LHB Javier Orozco 0-0: Ball
1-0: Foul Ball, location: 2F
1-1: Ball
2-1: Ball
3-1: Foul Ball, location: 2F
3-2: Foul Ball, location: 2F
3-2: Foul Ball, location: 2F
3-2: Foul Ball, location: 2F
3-2: Fly out, F4 (Popup, 34D)
Batting: RHB Pedro Molina 0-0: Called Strike
0-1: Called Strike
0-2: Ball
1-2: Strikes out swinging
Batting: LHB Joaquín González 0-0: Ball
1-0: SINGLE (Groundball, 34D)
Batting: RHB Enrico Ramos 0-0: SINGLE (Groundball, 34)
Joaquín González to second
Throwing error, E9
Joaquín González scores
Enrico Ramos to second
Batting: RHB Jeff Stevenson 0-0: Ball
1-0: Fly out, F8 (Flyball, 8LM)
Top of the 1st over - 1 run(s), 2 hit(s), 1 error(s), 1 left on base; Barry's Bay 1 - Manhatten 0
BOTTOM OF THE 1ST
Manhatten Meatheads batting - Pitching for Barry's Bay Orioles : RHP Neil Snow
Pitching: RHP Neil Snow
Batting: RHB Mark McDonald 0-0: Foul Ball, location: 2F
0-1: Ball
1-1: Foul Ball, location: 2F
1-2: Ball
2-2: Strikes out swinging
Batting: RHB Kyle O'Day 0-0: Foul Ball, location: 2F
0-1: Ball
1-1: Ball
2-1: Foul Ball, location: 2F
2-2: Strikes out swinging
Batting: LHB Pat Zimmerman 0-0: Ball
1-0: SINGLE (Groundball, 34D)
Batting: LHB Dave Watt 0-0: Ball
1-0: Called Strike
Pat Zimmerman steals 2nd base
1-1: Ball
2-1: Swinging Strike
2-2: Foul Ball, location: 2F
2-2: Foul Ball, location: 2F
2-2: Foul Ball, location: 2F
2-2: Foul Ball, location: 2F
Single, Error in OF, E8, batter to second base
Pat Zimmerman scores
Batting: RHB Ben Morton 0-0: Called Strike
0-1: Swinging Strike
0-2: Strikes out swinging
Bottom of the 1st over - 1 run(s), 2 hit(s), 1 error(s), 1 left on base; Barry's Bay 1 - Manhatten 1
TOP OF THE 2ND
Barry's Bay Orioles batting - Pitching for Manhatten Meatheads : RHP Rafael Ramírez
Batting: RHB Jonathan Montgomery 0-0: Swinging Strike
0-1: SINGLE (Flyball, 7S)
Batting: RHB Vincent Braun 0-0: Ball
1-0: Ball
2-0: Ball
3-0: Called Strike
3-1: Foul Ball, location: 2F
3-2: Strikes out swinging
Batting: RHB Tom Hughes 0-0: Called Strike
0-1: Ball
1-1: Ball
2-1: DOUBLE (Line Drive, 7LD)
Jonathan Montgomery to third
Batting: RHB Curt Wagner 0-0: SINGLE (Groundball, 56D)
Jonathan Montgomery scores
Tom Hughes to third
Batting: LHB Javier Orozco 0-0: Called Strike
0-1: SINGLE (Line Drive, 4MD)
Tom Hughes scores
Curt Wagner to second
Batting: RHB Pedro Molina 0-0: Called Strike
0-1: Ball
1-1: Ball
2-1: Foul Ball, location: 2F
2-2: Ball
3-2: Foul Ball, location: 2F
3-2: Base on Balls
Curt Wagner to third
Javier Orozco to second
Batting: LHB Joaquín González 0-0: Fly out, F7 (Flyball, 7S)
Batting: RHB Enrico Ramos 0-0: Foul Ball, location: 2F
0-1: Ball
1-1: Called Strike
1-2: Ball
2-2: Ball
3-2: Foul Ball, location: 2F
3-2: Strikes out swinging
Top of the 2nd over - 2 run(s), 4 hit(s), 0 error(s), 3 left on base; Barry's Bay 3 - Manhatten 1
BOTTOM OF THE 2ND
Manhatten Meatheads batting - Pitching for Barry's Bay Orioles : RHP Neil Snow
Batting: LHB Ed Murray 0-0: SINGLE (Flyball, 8LS)
Batting: RHB Juan Reyes 0-0: Ball
1-0: Called Strike
1-1: Swinging Strike
1-2: Ball
2-2: Ball
3-2: Base on Balls
Ed Murray to second
Batting: SHB Vitaliano Capuana 0-0: SINGLE (Groundball, 56)
Ed Murray to third
Juan Reyes to second
Batting: SHB Kent Phillips 0-0: Called Strike
0-1: Foul Ball, location: 2F
0-2: Strikes out looking
Batting: RHB Mark McDonald 0-0: Ball
1-0: Fly out, F9 (Flyball, 9M)
Runner from 3rd tags up, SCORES, no throw
Batting: RHB Kyle O'Day 0-0: Called Strike
0-1: Ground out 5-3 (Groundball, 5)
Bottom of the 2nd over - 1 run(s), 2 hit(s), 0 error(s), 2 left on base; Barry's Bay 3 - Manhatten 2
TOP OF THE 3RD
Barry's Bay Orioles batting - Pitching for Manhatten Meatheads : RHP Rafael Ramírez
Batting: RHB Jeff Stevenson 0-0: Called Strike
0-1: Ball
1-1: Ball
2-1: Swinging Strike
2-2: Strikes out swinging
Batting: RHB Jonathan Montgomery 0-0: Ball
1-0: Foul Ball, location: 2F
1-1: Swinging Strike
1-2: Strikes out swinging
Batting: RHB Vincent Braun 0-0: Called Strike
0-1: Ball
1-1: Ball
2-1: Foul Ball, location: 2F
2-2: Fly out, F7 (Flyball, 8LM)
Top of the 3rd over - 0 run(s), 0 hit(s), 0 error(s), 0 left on base; Barry's Bay 3 - Manhatten 2
BOTTOM OF THE 3RD
Manhatten Meatheads batting - Pitching for Barry's Bay Orioles : RHP Neil Snow
Batting: LHB Pat Zimmerman 0-0: Ball
1-0: Foul Ball, location: 2F
1-1: Called Strike
1-2: Ground out 6-3 (Groundball, 6)
Batting: LHB Dave Watt 0-0: Called Strike
0-1: Swinging Strike
0-2: Strikes out swinging
Batting: RHB Ben Morton 0-0: Called Strike
0-1: Ground out 2-3 (Groundball, 25)
Bottom of the 3rd over - 0 run(s), 0 hit(s), 0 error(s), 0 left on base; Barry's Bay 3 - Manhatten 2
TOP OF THE 4TH
Barry's Bay Orioles batting - Pitching for Manhatten Meatheads : RHP Rafael Ramírez
Batting: RHB Tom Hughes 0-0: Ball
1-0: Called Strike
1-1: Ball
2-1: Called Strike
2-2: Ball
3-2: Base on Balls
Batting: RHB Curt Wagner 0-0: Called Strike
0-1: Called Strike
0-2: Ball
1-2: Strikes out looking
Batting: LHB Javier Orozco 0-0: Ball
1-0: Called Strike
1-1: Ball
2-1: Ball
3-1: Called Strike
3-2: Strikes out swinging
Batting: RHB Pedro Molina 0-0: Fly out, F3 (Popup, 23)
Top of the 4th over - 0 run(s), 0 hit(s), 0 error(s), 1 left on base; Barry's Bay 3 - Manhatten 2
BOTTOM OF THE 4TH
Manhatten Meatheads batting - Pitching for Barry's Bay Orioles : RHP Neil Snow
Batting: LHB Ed Murray 0-0: SINGLE (Line Drive, 9S)
Batting: RHB Juan Reyes 0-0: Foul Ball, location: 2F
0-1: Swinging Strike
0-2: Ball
1-2: Ground out 5-3 (Groundball, 56S)
Ed Murray to second
Batting: SHB Vitaliano Capuana 0-0: Ball
1-0: Ball
2-0: SINGLE (Groundball, 56D)
Ed Murray to third
Runner from 3rd tries for Home, SAFE, no throw or cutoff
Batting: SHB Kent Phillips 0-0: Ball
Vitaliano Capuana is caught stealing 2nd base
1-0: Called Strike
1-1: Ball
2-1: Foul Ball, location: 2F
2-2: Foul Ball, location: 2F
2-2: Foul Ball, location: 2F
2-2: Strikes out swinging
Bottom of the 4th over - 1 run(s), 2 hit(s), 0 error(s), 0 left on base; Barry's Bay 3 - Manhatten 3
TOP OF THE 5TH
Barry's Bay Orioles batting - Pitching for Manhatten Meatheads : RHP Rafael Ramírez
Batting: LHB Joaquín González 0-0: Called Strike
0-1: Swinging Strike
0-2: Fly out, F7 (Flyball, 7LMF)
Batting: RHB Enrico Ramos 0-0: Swinging Strike
0-1: Ball
1-1: Ball
2-1: Called Strike
2-2: Foul Ball, location: 2F
2-2: Strikes out swinging, 2-3 out at first.
Batting: RHB Jeff Stevenson 0-0: DOUBLE (Popup, 3D)
Pitching: LHP Dave Blackwell
Batting: RHB Jonathan Montgomery 0-0: Called Strike
0-1: Swinging Strike
0-2: Ball
1-2: Ball
2-2: Ball
3-2: Strikes out swinging
Top of the 5th over - 0 run(s), 1 hit(s), 0 error(s), 1 left on base; Barry's Bay 3 - Manhatten 3
BOTTOM OF THE 5TH
Manhatten Meatheads batting - Pitching for Barry's Bay Orioles : RHP Neil Snow
Batting: RHB Mark McDonald 0-0: Foul Ball, location: 2F
0-1: Foul Ball, location: 2F
0-2: Foul Ball, location: 2F
0-2: Foul Ball, location: 2F
0-2: Ball
1-2: Strikes out looking
Batting: RHB Kyle O'Day 0-0: Ball
1-0: Ball
2-0: Called Strike
2-1: Foul Ball, location: 2F
2-2: Fly out, F5 (Popup, 25F)
Batting: LHB Pat Zimmerman 0-0: Foul Ball, location: 2F
0-1: Fly out, F8 (Flyball, 8RS)
Bottom of the 5th over - 0 run(s), 0 hit(s), 0 error(s), 0 left on base; Barry's Bay 3 - Manhatten 3
TOP OF THE 6TH
Barry's Bay Orioles batting - Pitching for Manhatten Meatheads : LHP Dave Blackwell
Batting: RHB Vincent Braun 0-0: Ground out 1-3 (Groundball, 13)
Batting: RHB Tom Hughes 0-0: Swinging Strike
0-1: Ball
1-1: Called Strike
1-2: Ball
2-2: Strikes out swinging
Batting: RHB Curt Wagner 0-0: Ball
1-0: Foul Ball, location: 2F
1-1: Called Strike
1-2: Strikes out swinging
Top of the 6th over - 0 run(s), 0 hit(s), 0 error(s), 0 left on base; Barry's Bay 3 - Manhatten 3
BOTTOM OF THE 6TH
Manhatten Meatheads batting - Pitching for Barry's Bay Orioles : RHP Neil Snow
Batting: LHB Dave Watt 0-0: Ball
1-0: Ball
2-0: Ball
3-0: Base on Balls
Batting: RHB Ben Morton 0-0: Swinging Strike
0-1: Foul Ball, location: 2F
0-2: Strikes out swinging
Batting: LHB Ed Murray 0-0: Ball
Dave Watt is caught stealing 2nd base
1-0: Ground out 4-3 (Groundball, 4M)
Bottom of the 6th over - 0 run(s), 0 hit(s), 0 error(s), 0 left on base; Barry's Bay 3 - Manhatten 3
TOP OF THE 7TH
Barry's Bay Orioles batting - Pitching for Manhatten Meatheads : LHP Dave Blackwell
Batting: LHB Javier Orozco 0-0: Foul Ball, location: 2F
0-1: Swinging Strike
0-2: Strikes out swinging
Batting: RHB Pedro Molina 0-0: SINGLE (Flyball, 8LS)
Batting: LHB Joaquín González 0-0: Swinging Strike
0-1: Ball
1-1: Called Strike
1-2: Fielders Choice at 2nd, 6-4 (Groundball, 6)
Batting: RHB Enrico Ramos 0-0: Ball
Joaquín González is caught stealing 2nd base
Top of the 7th over - 0 run(s), 1 hit(s), 0 error(s), 0 left on base; Barry's Bay 3 - Manhatten 3
BOTTOM OF THE 7TH
Manhatten Meatheads batting - Pitching for Barry's Bay Orioles : RHP Neil Snow
Pitching: RHP Wilson Molina
Batting: RHB Juan Reyes 0-0: Ball
1-0: Called Strike
1-1: Ball
2-1: Swinging Strike
2-2: Foul Ball, location: 2F
2-2: Ball
3-2: Base on Balls
Batting: SHB Vitaliano Capuana 0-0: Bunt missed!
0-1: Sac Bunt - play at first, batter OUT! 1-4
Juan Reyes to second
Pinch Hitting: LHB Magali Foulerton 0-0: Intentional Walk
Pinch Hitting: RHB Júlio Galló 0-0: Ball
1-0: Ball
2-0: Fly out, F3 (Popup, 3L)
Batting: RHB Kyle O'Day 0-0: Ball
1-0: Fly out, F9 (Flyball, 9LM)
Bottom of the 7th over - 0 run(s), 0 hit(s), 0 error(s), 2 left on base; Barry's Bay 3 - Manhatten 3
TOP OF THE 8TH
Barry's Bay Orioles batting - Pitching for Manhatten Meatheads : LHP Dave Blackwell
Pitching: RHP Rodney Hall
Now at 1B: Ramón Ybarra
Now at SS: Júlio Galló
Batting: RHB Enrico Ramos 0-0: Swinging Strike
0-1: Foul Ball, location: 2F
0-2: Strikes out swinging
Batting: RHB Jeff Stevenson 0-0: Ball
1-0: Swinging Strike
1-1: Foul Ball, location: 2F
1-2: Strikes out swinging
Pinch Hitting: RHB Paul Spencer 0-0: Called Strike
0-1: Ball
1-1: Foul Ball, location: 2F
1-2: Ball
2-2: Ball
3-2: Base on Balls
Pinch Hitting: RHB Brian Parks 0-0: Ball
1-0: Called Strike
1-1: Ball
Paul Spencer is caught stealing 2nd base
Top of the 8th over - 0 run(s), 0 hit(s), 0 error(s), 0 left on base; Barry's Bay 3 - Manhatten 3
BOTTOM OF THE 8TH
Manhatten Meatheads batting - Pitching for Barry's Bay Orioles : RHP Wilson Molina
Pitching: LHP Ben Turner
Now at 1B: Paul Spencer
Now in CF: Juan Velásquez
Batting: LHB Pat Zimmerman 0-0: Ball
1-0: Called Strike
1-1: Ground out 5-3 (Groundball, 56)
Pitching: RHP John Wells
Batting: LHB Dave Watt 0-0: Ball
1-0: Fly out, F6 (Popup, 5D)
Batting: RHB Ben Morton 0-0: Ball
1-0: Ball
2-0: Ball
3-0: Called Strike
3-1: Called Strike
3-2: Base on Balls
Batting: LHB Ed Murray 0-0: Swinging Strike
0-1: Ball
1-1: Ball
2-1: Foul Ball, location: 2F
2-2: Strikes out swinging
Bottom of the 8th over - 0 run(s), 0 hit(s), 0 error(s), 1 left on base; Barry's Bay 3 - Manhatten 3
TOP OF THE 9TH
Barry's Bay Orioles batting - Pitching for Manhatten Meatheads : RHP Rodney Hall
Pitching: RHP Mario Tovar
Batting: RHB Juan Velásquez 0-0: Called Strike
0-1: Ball
1-1: Ball
2-1: Ball
3-1: Swinging Strike
3-2: Foul Ball, location: 2F
3-2: Foul Ball, location: 2F
3-2: Base on Balls
Batting: RHB Tom Hughes 0-0: Ball
1-0: Ball
2-0: Ball
3-0: Base on Balls
Juan Velásquez to second
Pinch Hitting: LHB Carlos Barrios 0-0: Ball
1-0: Foul Ball, location: 2F
1-1: Swinging Strike
1-2: Strikes out looking
Batting: LHB Javier Orozco 0-0: Called Strike
0-1: Ball
1-1: Fly out, F9 (Flyball, 9S)
Batting: RHB Pedro Molina 0-0: Ball
1-0: Foul Ball, location: 2F
1-1: Foul Ball, location: 2F
1-2: Foul Ball, location: 2F
1-2: Foul Ball, location: 2F
1-2: Foul Ball, location: 2F
1-2: Ground out 5-3 (Groundball, 5S)
Top of the 9th over - 0 run(s), 0 hit(s), 0 error(s), 2 left on base; Barry's Bay 3 - Manhatten 3
BOTTOM OF THE 9TH
Manhatten Meatheads batting - Pitching for Barry's Bay Orioles : RHP John Wells
Pitching: LHP Juan Jiménez
Now at SS: Carlos Barrios
Pinch Hitting: RHB John Little 0-0: Foul Ball, location: 2F
0-1: Ground out 6-3 (Groundball, 6)
Batting: SHB Vitaliano Capuana 0-0: Ball
1-0: SINGLE (Groundball, 34) (infield hit)
Batting: RHB Ramón Ybarra 0-0: Called Strike
0-1: Ball
1-1: Ball
2-1: Foul Ball, location: 2F
2-2: Foul Ball, location: 2F
2-2: Hit by Pitch
Vitaliano Capuana to second
Batting: RHB Júlio Galló 0-0: Ball
Vitaliano Capuana steals 3rd base
Ramón Ybarra to second
1-0: Intentional Walk
Batting: RHB Kyle O'Day 0-0: Called Strike
0-1: Swinging Strike
0-2: Strikes out swinging
Batting: LHB Pat Zimmerman 0-0: Ball
1-0: Fielders Choice at 2nd, U6 (Groundball, 6M)
Bottom of the 9th over - 0 run(s), 1 hit(s), 0 error(s), 3 left on base; Barry's Bay 3 - Manhatten 3
TOP OF THE 10TH
Barry's Bay Orioles batting - Pitching for Manhatten Meatheads : RHP Mario Tovar
Now at 2B: Will Evans
Batting: LHB Joaquín González 0-0: Ball
1-0: Ball
2-0: Foul Ball, location: 2F
2-1: Foul Ball, location: 2F
2-2: Ball
3-2: Base on Balls
Batting: RHB Enrico Ramos 0-0: Ball
1-0: Ball
2-0: Ball
3-0: Called Strike
3-1: Base on Balls
Joaquín González to second
Batting: RHB Jeff Stevenson 0-0: Ball
Joaquín González steals 3rd base
Enrico Ramos to second
1-0: Foul Ball, location: 2F
1-1: Swinging Strike
1-2: SINGLE (Groundball, 56)
Joaquín González scores
Enrico Ramos to third
Runner from 3rd tries for Home, SAFE, no throw or cutoff
Batting: RHB Paul Spencer 0-0: Ball
1-0: Called Strike
1-1: 2-RUN HOME RUN (Flyball, 7D), Distance : 385 ft
Pitching: RHP Sloan Numbers
Batting: RHB Juan Velásquez 0-0: Called Strike
0-1: Swinging Strike
0-2: Strikes out swinging
Batting: RHB Tom Hughes 0-0: Foul Ball, location: 2F
0-1: Swinging Strike
0-2: Ball
1-2: Strikes out swinging
Batting: LHB Carlos Barrios 0-0: Ball
1-0: Ball
2-0: Ball
3-0: Base on Balls
Batting: LHB Javier Orozco 0-0: Ball
1-0: Called Strike
Carlos Barrios steals 2nd base
1-1: DOUBLE (Line Drive, 89M)
Carlos Barrios scores
Batting: RHB Pedro Molina 0-0: Ball
1-0: Swinging Strike
1-1: Ball
2-1: Ball
3-1: Fly out, F7 (Line Drive, 7S)
Top of the 10th over - 5 run(s), 3 hit(s), 0 error(s), 1 left on base; Barry's Bay 8 - Manhatten 3
BOTTOM OF THE 10TH
Manhatten Meatheads batting - Pitching for Barry's Bay Orioles : LHP Juan Jiménez
Now at C: John Horton
Now at SS: Juan Romero
Batting: LHB Dave Watt 0-0: Called Strike
0-1: Ball
1-1: Ball
2-1: Foul Ball, location: 2F
2-2: Ground out 4-3 (Groundball, 34)
Batting: RHB Ben Morton 0-0: Called Strike
0-1: Ball
1-1: Ball
2-1: Ground out 5-3 (Groundball, 5S)
Batting: LHB Ed Murray 0-0: Ball
1-0: Ground out 4-3 (Groundball, 4M)
Bottom of the 10th over - 0 run(s), 0 hit(s), 0 error(s), 0 left on base; Barry's Bay 8 - Manhatten 3
This league is powered by Out of the Park Baseball, the baseball management simulation game for PC, Mac and Linux
Wednesday, December 2nd, 2015 - OOTP Baseball 16.8 Build 38